 Dungeon Crawl Stone Soup version 0.30.1 (webtiles) character file.

Game seed: 16326403793854683324

162 howech the Chopper (level 5, -3/70 HPs)
             Began as a Minotaur Berserker on July 5, 2023.
             Was a Believer of Trog.
             Slain by an orc priest
             ... wielding a +0 whip
              (5 damage)
             ... on level 3 of the Dungeon.
             The game lasted 00:05:03 (2321 turns).

howech the Chopper (Minotaur Berserker)             Turns: 2321, Time: 00:05:05

Health: -3/70      AC:  6    Str: 22    XL:     5   Next: 19%
Magic:  4/4        EV: 10    Int:  6    God:    Trog [**....]
Gold:   170        SH:  0    Dex:  9    Spells: 4/4 levels left

rFire   . . .        a - +0 hand axe
rCold   . . .        (no shield)
rNeg    . . .        q - +0 scale mail
rPois   .            (helmet restricted)
rElec   .            (no cloak)
rCorr   .            (no gloves)
SInv    .            (no boots)
Will    ++...        (no amulet) Stlth
                     (no ring)
HPRegen 1.31/turn    (no ring)
MPRegen 0.09/turn

%: no passive effects
@: berserking, strong-willed, regenerating, very quick
A: horns 2, retaliatory headbutt
a: Renounce Religion, Berserk, Trog's Hand


You were on level 3 of the Dungeon.
You worshipped Trog.
Trog was pleased with you.
You visited 1 branch of the dungeon, and saw 3 of its levels.

You collected 170 gold pieces.

Inventory:

Hand Weapons
 a - a +0 hand axe (weapon)
Missiles
 o - 4 poisoned darts (quivered)
Armour
 b - a +0 animal skin
 q - a +0 scale mail (worn)
Jewellery
 i - a +6 ring of intelligence
Scrolls
 c - 2 scrolls of vulnerability {unknown}
 d - a scroll of identify {unknown}
 e - a scroll of butterflies {unknown}
 h - a scroll of torment {unknown}
 k - a scroll of immolation {unknown}
 l - 2 scrolls of teleportation
 p - a scroll of magic mapping {unknown}
 s - 2 scrolls of brand weapon {unknown}
Potions
 f - a potion of haste {unknown}
 g - 2 potions of ambrosia {unknown}
 j - a potion of curing {unknown}
 m - a potion of lignification {unknown}
 n - a potion of might {unknown}
 r - a potion of degeneration {unknown}


   Skills:
 + Level 4.3 Fighting
 * Level 4.7 Axes
 + Level 1.3 Throwing
 + Level 3.1 Armour
 + Level 3.0 Dodging
 + Level 1.7 Shields
 + Level 1.2 Evocations


You had 4 spell levels left.
You didn't know any spells.
Your spell library was empty.

Dungeon Overview and Level Annotations

Branches:
Dungeon (3/15)

Altars:
Qazlal


Innate Abilities, Weirdness & Mutations

You have a pair of horns on your head.
You reflexively headbutt those who attack you in melee.


Message History

Beogh smites you!
Your Dodging skill increases to level 3!
You hit the ball python.
You kill the ball python!
Trog accepts your kill.
There is a stone staircase leading up here.
Things that are here:
a +0 hand axe; an orc corpse The orc priest calls down the wrath of Beogh upon you.
You barely resist.
The orc wizard hits you but does no damage.
The orc wizard gestures at you while chanting.
The puff of flame hits you. The orc priest hits you with a +0 whip.
You see here an adder corpse.
Unknown command.
You hit the orc priest but do no damage.
You miss the orc wizard. You barely miss the orc wizard.
The orc wizard hits you but does no damage.
The orc wizard hits you with a +0 dagger.
The orc priest invokes the aid of Beogh against you.
Pain shoots through your body!
* * * LOW HITPOINT WARNING * * *
You slash the orc priest!
The orc priest is heavily wounded.
You hit the orc wizard. You barely miss the orc wizard.
The orc wizard misses you. The orc wizard closely misses you.
The orc priest invokes the aid of Beogh against you.
Pain shoots through your body!
* * * LOW HITPOINT WARNING * * *
Your skin crawls.
You feel strong-willed. The orc wizard barely misses you.
The orc wizard misses you.
The orc priest hits you but does no damage.
A red film seems to cover your vision as you go berserk!
You feel yourself moving faster!
You feel mighty! The orc wizard barely misses you.
The orc wizard hits you with a +0 dagger.
* * * LOW HITPOINT WARNING * * *
The orc priest hits you with a +0 whip.
You die...

.....##.#...##........
..........# #........
..........# #........
...####...####........
..>#####..............
#....)####........S...
#...#..###.....#######
#.#.....###.#..####
...##.#.###.#...@o#####
#..............oo..<..#
................####.......#
..########...#...............
#..........##...##..
##......##........
####...##......... .......
...).... ......# ..#....


You could see an orc priest and 2 orc wizards.

Vanquished Creatures
  Robin (D:2)
  8 adders
  3 worms (D:2)
  3 dart slugs (D:1)
  3 orcs
  6 endoplasms
  2 giant cockroaches (D:2)
  9 goblins
  7 hobgoblins
  3 kobolds
  4 quokkas
  3 ball pythons
  4 bats
  2 frilled lizards
  3 rats
61 creatures vanquished.

Notes
Turn   | Place    | Note
-------+----------+-------------------------------------------
     0 | D:1      | howech the Minotaur Berserker began the quest for the Orb.
     0 | D:1      | Reached XP level 1. HP: 19/19 MP: 0/0
   239 | D:1      | Reached XP level 2. HP: 26/27 MP: 1/1
   748 | D:1      | Reached skill level 1 in Shields
  1221 | D:2      | Reached XP level 3. HP: 32/33 MP: 2/2
  1466 | D:2      | Noticed Robin
  1474 | D:2      | Reached XP level 4. HP: 27/40 MP: 3/3
  1489 | D:2      | Reached skill level 1 in Throwing
  1494 | D:2      | Killed Robin
  1495 | D:2      | Reached skill level 1 in Evocations
  1733 | D:2      | Reached ** piety under Trog
  1975 | D:3      | Found a stormy altar of Qazlal.
  1996 | D:2      | Reached XP level 5. HP: 21/47 MP: 4/4
  2319 | D:3      | HP: 2/47 [orc priest/nerve-wracking pain (10)]
  2321 | D:3      | Slain by an orc priest

Illustrated notes

Levels and vault maps discovered:
D:1:      wander_arrival_peaceful_grave, layout_loops_corners,
          serial_co_window_serial, co_window_paths_a, co_window_corner_a,
          co_window_paths_a, co_window_paths_b, co_window_corner_a,
          co_window_corner_b, co_window_2corner, co_window_of_opportunity_c,
          co_window_unsneaky_path_c, co_window_corner_ca, glass_columns_c,
          glass_columns_b, glass_columns_b, glass_columns_b, glass_columns_b
D:2:      layout_basic, minmay_misc_feat_hallway, minmay_between, uniq_robin
D:3:      layout_rooms, gammafunk_temple_overflow_elements,
          overflow_temple_1_default, guppyfry_early_orc_mine

Skill      XL: |  1  2  3  4  5 |
---------------+----------------+-----
Axes           | 4 |  4.7
Shields        | 1 |  1.7
Fighting       | 4 |  4.3
Throwing       | 1 |  1.3
Armour         | 3 |  3.1
Evocations     | 1 |  1.2
Dodging        | 3 |  3.0

Action                     |  1- 3 |  4- 6 || total
---------------------------+-------+-------++-------
  Melee: Hand axe          |    83 |    59 ||   142
         Headbutt          |    10 |    10 ||    20
 Invoke: Berserk           |       |     2 ||     2
         Trog's Hand       |       |     1 ||     1
    Use: Scroll            |       |     1 ||     1
 Armour: Animal skin       |    14 |       ||    14
         Scale mail        |     2 |    25 ||    27
  Dodge: Dodged            |    51 |    39 ||    90
